 Dungeon Crawl Stone Soup version 0.28.0-47-ge53b351184 (webtiles) character file.

Game seed: 12467058400170848326

555 101zpm the Magician (level 7, -6/45 HPs)
             Began as a Djinni Fire Elementalist on Apr 30, 2022.
             Engulfed by a cloud of flame (7 damage)
             ... on level 4 of the Dungeon.
             The game lasted 00:09:49 (6921 turns).

101zpm the Magician (Djinni Fire Elementalist)      Turns: 6921, Time: 00:09:50

Health: -6/45      AC:  2    Str:  9    XL:     7   Next: 56%
Gold:   93         EV: 12    Int: 16    God:
                   SH:  0    Dex: 14

rFire   + + .      SeeInvis .   (no weapon)
rCold   x . .      Faith    .   (no shield)
rNeg    . . .      Spirit   .   a - +0 robe
rPois   ∞          Reflect  .   (no helmet)
rElec   .          Harm     .   (no cloak)
rCorr   .          Rampage  .   (no gloves)
Will    .....                   (boots unavailable)
Stlth   ++........              (no amulet)
HPRegen 0.15/turn               (no ring)
MPRegen 0.00/turn               (no ring)

@: flying
A: sickness immunity, fire resistance 2, cold vulnerability 1, float, innate
caster, HP casting, extra vitality 1
a: no special abilities


You were on level 4 of the Dungeon.
You visited 1 branch of the dungeon, and saw 4 of its levels.
You also visited: Sewer.

You collected 93 gold pieces.

Inventory:

Missiles
 g - 2 throwing nets
Armour
 a - a +0 robe (worn)
Jewellery
 b - a ring of positive energy
 e - a ring of resist corrosion
 p - a +4 ring of evasion
Scrolls
 d - a scroll of brand weapon
 l - 2 scrolls of identify
 m - a scroll of summoning
 q - a scroll of holy word {unknown}
Potions
 c - a potion of ambrosia {unknown}
 f - 2 potions of might {unknown}
 h - 5 potions of haste {unknown}
 i - 3 potions of magic {unknown}
 j - 4 potions of brilliance {unknown}
 k - a potion of heal wounds {unknown}
 o - a potion of curing {unknown}


   Skills:
 + Level 0.1 Fighting
 + Level 2.3 Dodging
 + Level 2.5 Stealth
 + Level 6.0 Spellcasting


You couldn't memorise any spells.
You knew the following spells:

 Your Spells              Type           Power      Damage    Failure   Level
a - Foxfire               Conj/Fire      96%        2x1d8     1%          1
b - Scorch                Fire           48%        2d7       1%          2
c - Conjure Flame         Conj/Fire      24%        6-21      3%          3
d - Inner Flame           Hex/Fire       24%        N/A       3%          3
e - Flame Wave            Conj/Fire      24%        2d7       12%         4
f - Sandblast             Erth           48%        2d12      1%          1
g - Poisonous Vapours     Pois/Air       48%        N/A       1%          2
h - Call Canine Familiar  Summ           24%        N/A       3%          3
Your spell library was empty.

Dungeon Overview and Level Annotations

Branches:
Dungeon (4/15)              Sewer (visited)
 Temple: D:4-7

Altars:
Ashenzari

Shops:
D:1 [


Innate Abilities, Weirdness & Mutations

You are immune to sickness and miasma.
You are immune to poison.
Your flesh is very heat resistant. (rF++)
You are vulnerable to cold. (rC-)
You float through the air rather than walking.
You learn spells naturally, not from books.
Your magical power is your life essence.
You have superior vitality. (+4 MHP)


Message History

Aim: an orc wizard, wielding a +0 dagger and wearing a +0 robe (chance to affect: 78%)
The orc wizard is filled with an inner flame.
The orc wizard gestures at you while chanting.
You are confused.
You're too confused to cast spells.
You're too confused to cast spells.
You're too confused to cast spells.
You're too confused to cast spells.
You bump into the rock wall.
The orc wizard hits you with a +0 dagger.
The orc hits you with a +0 mace!
You closely miss the orc. The orc wizard barely misses you.
The orc hits you with a +0 mace!
You miss the orc wizard. The orc wizard closely misses you.
The orc barely misses you.
You hit the orc wizard but do no damage.
You feel less confused.
The orc wizard mumbles some strange words.
The orc wizard flickers and vanishes!
Deactivating autopickup; reactivate with Ctrl-A.
The orc closely misses you.
Casting: Inner Flame (dangerous; 3% risk of failure)
Confirm with . or Enter, or press ? or * to list all spells.
Flames lash the orc.
You kill the orc!
Something barely misses you.
Casting: Scorch (safe; 1% risk of failure)
Confirm with . or Enter, or press ? or * to list all spells.
Flames lash something.
Flame seeps out of something.
The orc hits you with a +0 club.
Reactivating autopickup.
You feel a bit more experienced.
The orc wizard explodes!
The fiery explosion engulfs you! You resist.
* * * LOW HITPOINT WARNING * * *
Your Spellcasting skill increases to level 6!
As you read the scroll of fog, it crumbles to dust.
The scroll dissolves into smoke.
You are engulfed in blazing flames.
You resist.
You die...

# # ### # #..
.### #.# ..
.... #?# #...
### #§# #.#.###
#o# #......
#@#### ##.##.
#§○§.# #.[..
####.##.# ####.
#.##.# ##.###..
#.##.##........
#.##.##.#.###..
#.##.##.# # ##.
#.##.##.#.# #.
#.##.##.#.####.


You could see an orc.

Vanquished Creatures
  An ogre (D:3)
  A scorpion (D:4)
  2 jellies (Sewer)
  An orc wizard (D:4)
  Robin (D:3)
  13 gnolls
  8 adders
  An ufetubus (D:4)
  2 worms (D:2)
  3 dart slugs
  6 orcs
  7 ball pythons
  11 endoplasms
  7 giant cockroaches
  15 goblins
  8 hobgoblins
  2 jackals (D:1)
  A quokka (D:2)
  6 bats
  6 frilled lizards
  2 kobolds
  15 rats
119 creatures vanquished.

Vanquished Creatures (others)
  671 foxfires
671 creatures vanquished.

Grand Total: 790 creatures vanquished

Notes
Turn   | Place    | Note
-------+----------+-------------------------------------------
     0 | D:1      | 101zpm the Djinni Fire Elementalist began the quest for the
                  | Orb.
     0 | D:1      | Reached XP level 1. HP: 15/15 MP: 0/0
   391 | D:1      | Reached XP level 2. HP: 18/21 MP: 0/0
   882 | D:1      | Found Wani's Antique Armour Boutique.
   889 | D:1      | Reached skill level 3 in Spellcasting
  1306 | D:1      | Reached XP level 3. HP: 21/25 MP: 0/0
  1306 | D:1      | Learned a level 1 spell: Sandblast
  1924 | D:2      | Reached XP level 4. HP: 3/31 MP: 0/0
  2830 | D:2      | Reached XP level 5. HP: 33/35 MP: 0/0
  2830 | D:2      | Learned a level 2 spell: Poisonous Vapours
  2898 | D:2      | Found a faded altar of an unknown god.
  3439 | D:3      | Found a glowing drain.
  3448 | D:3      | Reached skill level 4 in Spellcasting
  3456 | Sewer    | Entered a sewer
  4360 | Sewer    | Reached XP level 6. HP: 35/40 MP: 0/0
  4424 | Sewer    | Found a viscous altar of Jiyva.
  4869 | D:3      | Noticed Robin
  4875 | D:3      | Killed Robin
  5140 | D:3      | Found a broken altar of Ashenzari.
  5355 | D:3      | Noticed an ogre
  5357 | D:3      | Killed an ogre
  5358 | D:3      | Reached skill level 5 in Spellcasting
  5373 | D:3      | Reached XP level 7. HP: 18/45 MP: 0/0
  5373 | D:3      | Learned a level 3 spell: Call Canine Familiar
  6920 | D:4      | HP: 1/45 [spore (13)]
  6921 | D:4      | Reached skill level 6 in Spellcasting
  6921 | D:4      | Engulfed by a cloud of flame

Illustrated notes

Levels and vault maps discovered:
D:1:      dpeg_arrival_houses_and_road, layout_rooms, serial_shops,
          nicolae_shop_stone
D:2:      layout_basic, hellmonk_ecumenical_altar_blasted
D:3:      layout_loops_ring, mainiacjoe_overflow_brackets, portal_sewer_entry_a,
          minmay_distorted, uniq_robin
D:4:      layout_loops_ring, nicolae_overflow_crystal_walls

Skill      XL: |  1  2  3  4  5  6  7 |
---------------+----------------------+-----
Spellcasting   | 3 4 5 6 |  6.0
Stealth        | 2 |  2.5
Fighting       | |  0.1
Dodging        | |  2.3

Action                   |  1- 3 |  4- 6 |  7- 9 || total
-------------------------+-------+-------+-------++-------
Melee: Unarmed           |     4 |       |     3 ||     7
 Cast: Foxfire           |   108 |   257 |    35 ||   400
       Scorch            |       |     3 |     3 ||     6
       Inner Flame       |       |     5 |    26 ||    31
       Call Canine Famil |       |       |     2 ||     2
       Poisonous Vapours |       |       |     1 ||     1
  Use: Scroll            |       |     3 |     1 ||     4
Armor: Robe              |     2 |     2 |       ||     4
Dodge: Dodged            |     1 |     2 |     5 ||     8
